3AA
FT. POLK SOUTH THUNDER HAWKS @ SAN ANTONIO BC
05/19/2034
 
TOP OF THE 1ST
Ft. Polk South Thunder Hawks batting - Pitching for San Antonio BC : RHP Francisco Guillén
Pitching: RHP Francisco Guillén
Batting: RHB Ruggiero Veneziano 0-0: Swinging Strike
0-1: Ball
1-1: Fly out, F7 (Flyball, 7LD)
Batting: RHB Thomas Feliciano 0-0: Called Strike
0-1: Foul Ball, location: 2F
0-2: Ball
1-2: Ball
2-2: Foul Ball, location: 2F
2-2: Ground out 5-3 (Groundball, 5)
Batting: LHB Augusto Reyes 0-0: Called Strike
0-1: Ball
1-1: SOLO HOME RUN (Flyball, 9LD), Distance : 343 ft
Batting: LHB Shohei Otani 0-0: Ball
1-0: Ball
2-0: Ball
3-0: Base on Balls
Batting: RHB Luke Thornton 0-0: Ball
1-0: 2-RUN HOME RUN (Flyball, 7D), Distance : 384 ft
Batting: SHB Dong-joo Yu 0-0: Swinging Strike
0-1: Ground out 6-3 (Groundball, 6)
Top of the 1st over - 3 runs, 2 hits, 0 errors, 0 left on base; Ft. Polk South 3 - San Antonio 0
BOTTOM OF THE 1ST
San Antonio BC batting - Pitching for Ft. Polk South Thunder Hawks : RHP César Soto
Pitching: RHP César Soto
Batting: LHB Sidney Dollarhide 0-0: Ball
1-0: SINGLE (Line Drive, 89S)
Batting: RHB Alfonso Torres 0-0: Called Strike
0-1: Ball
1-1: Ball
2-1: DOUBLE (Line Drive, 7LM)
Sidney Dollarhide to third
Runner from 3rd tries for Home, SAFE, no throw
Batting: RHB Mike Howard 0-0: Swinging Strike
0-1: Ball
Alfonso Torres steals 3rd base
1-1: Foul Ball, location: 2F
1-2: Strikes out looking
Batting: RHB Silverberry Mouhon 0-0: Ball
1-0: Called Strike
1-1: Foul Ball, location: 2F
1-2: Strikes out swinging
Batting: RHB José Salinas 0-0: Ball
1-0: Ball
2-0: Called Strike
2-1: Ball
3-1: Called Strike
3-2: SINGLE (Line Drive, 56)
Alfonso Torres scores
Batting: LHB Abraham Koen 0-0: Called Strike
0-1: Called Strike
0-2: Ball
1-2: Strikes out swinging
Bottom of the 1st over - 2 runs, 3 hits, 0 errors, 1 left on base; Ft. Polk South 3 - San Antonio 2
TOP OF THE 2ND
Ft. Polk South Thunder Hawks batting - Pitching for San Antonio BC : RHP Francisco Guillén
Batting: RHB Pedro Larate 0-0: Ball
1-0: Ball
2-0: Called Strike
2-1: Ball
3-1: Foul Ball, location: 2F
3-2: Strikes out swinging
Batting: RHB Kyuso Kouno 0-0: Fly out, F9 (Flyball, 9)
Batting: RHB Qu-bing Thien 0-0: Called Strike
0-1: Ball
1-1: Ball
2-1: Called Strike
2-2: Ball
3-2: Strikes out swinging, 2-3 out at first.
Top of the 2nd over - 0 runs, 0 hits, 0 errors, 0 left on base; Ft. Polk South 3 - San Antonio 2
BOTTOM OF THE 2ND
San Antonio BC batting - Pitching for Ft. Polk South Thunder Hawks : RHP César Soto
Batting: RHB Phil Gillespie 0-0: Ball
1-0: Ball
2-0: Called Strike
2-1: Ball
3-1: Foul Ball, location: 2F
3-2: Base on Balls
Batting: RHB Tong-sik Im 0-0: Ball
1-0: Called Strike
1-1: Foul Ball, location: 2F
1-2: Foul Ball, location: 2F
1-2: Strikes out swinging
Batting: RHB Ben Hampton 0-0: Ball
1-0: Swinging Strike
1-1: Foul Ball, location: 2F
1-2: Fly out, F8 (Flyball, 8RD)
Batting: LHB Sidney Dollarhide 0-0: Swinging Strike
0-1: SINGLE (Groundball, 56) (infield hit)
Phil Gillespie to second
Batting: RHB Alfonso Torres 0-0: Foul Ball, location: 2F
0-1: Swinging Strike
0-2: Strikes out swinging
Bottom of the 2nd over - 0 runs, 1 hit, 0 errors, 2 left on base; Ft. Polk South 3 - San Antonio 2
TOP OF THE 3RD
Ft. Polk South Thunder Hawks batting - Pitching for San Antonio BC : RHP Francisco Guillén
Batting: RHB Ruggiero Veneziano 0-0: Ground out 6-3 (Groundball, 6)
Batting: RHB Thomas Feliciano 0-0: Ball
1-0: Foul Ball, location: 2F
1-1: Foul Ball, location: 2F
1-2: DOUBLE (Line Drive, 9LS)
Batting: LHB Augusto Reyes 0-0: Called Strike
0-1: Swinging Strike
0-2: Ball
1-2: Ground out 6-3 (Groundball, 6)
Batting: LHB Shohei Otani 0-0: Ball
1-0: Called Strike
1-1: Ball
2-1: 2-RUN HOME RUN (Line Drive, 9D), Distance : 372 ft
Batting: RHB Luke Thornton 0-0: Called Strike
0-1: Ball
1-1: Ball
2-1: Ball
3-1: Ground out 5-3 (Groundball, 56)
Top of the 3rd over - 2 runs, 2 hits, 0 errors, 0 left on base; Ft. Polk South 5 - San Antonio 2
BOTTOM OF THE 3RD
San Antonio BC batting - Pitching for Ft. Polk South Thunder Hawks : RHP César Soto
Batting: RHB Mike Howard 0-0: Called Strike
0-1: Ball
1-1: Swinging Strike
1-2: Ball
2-2: Strikes out swinging
Batting: RHB Silverberry Mouhon 0-0: Ball
1-0: Hit by Pitch
Batting: RHB José Salinas 0-0: Grounds into double play, 6-4-3 (Groundball, 6)
Bottom of the 3rd over - 0 runs, 0 hits, 0 errors, 0 left on base; Ft. Polk South 5 - San Antonio 2
TOP OF THE 4TH
Ft. Polk South Thunder Hawks batting - Pitching for San Antonio BC : RHP Francisco Guillén
Batting: SHB Dong-joo Yu 0-0: Called Strike
0-1: Swinging Strike
0-2: Ball
1-2: Ball
2-2: Ball
3-2: Foul Ball, location: 2F
3-2: Ground out 4-3 (Groundball, 4)
Batting: RHB Pedro Larate 0-0: Ground out 5-3 (Groundball, 5L)
Batting: RHB Kyuso Kouno 0-0: SINGLE (Line Drive, 56)
Batting: RHB Qu-bing Thien Pickoff Throw to First - Out!
Top of the 4th over - 0 runs, 1 hit, 0 errors, 0 left on base; Ft. Polk South 5 - San Antonio 2
BOTTOM OF THE 4TH
San Antonio BC batting - Pitching for Ft. Polk South Thunder Hawks : RHP César Soto
Batting: LHB Abraham Koen 0-0: DOUBLE (Line Drive, 3D)
Batting: RHB Phil Gillespie 0-0: Ball
1-0: Called Strike
1-1: Called Strike
1-2: Strikes out looking
Batting: RHB Tong-sik Im 0-0: Called Strike
0-1: SINGLE (Groundball, 56D)
Abraham Koen to third
Runner from 3rd tries for Home, throw and OUT!
Tong-sik Im to second
Batting: RHB Ben Hampton 0-0: Ball
1-0: Foul Ball, location: 2F
1-1: Swinging Strike
1-2: Ground out 5-3 (Groundball, 56)
Bottom of the 4th over - 0 runs, 2 hits, 0 errors, 1 left on base; Ft. Polk South 5 - San Antonio 2
TOP OF THE 5TH
Ft. Polk South Thunder Hawks batting - Pitching for San Antonio BC : RHP Francisco Guillén
Batting: RHB Qu-bing Thien 0-0: Foul Ball, location: 2F
0-1: Swinging Strike
0-2: Ball
1-2: Strikes out looking
Batting: RHB Ruggiero Veneziano 0-0: Ball
1-0: Foul Ball, location: 2F
1-1: Called Strike
1-2: Ball
2-2: Ball
3-2: Fly out, F7 (Flyball, 7D)
Batting: RHB Thomas Feliciano 0-0: Called Strike
0-1: Ball
1-1: Ball
2-1: Ground out 4-3 (Groundball, 4S)
Top of the 5th over - 0 runs, 0 hits, 0 errors, 0 left on base; Ft. Polk South 5 - San Antonio 2
BOTTOM OF THE 5TH
San Antonio BC batting - Pitching for Ft. Polk South Thunder Hawks : RHP César Soto
Batting: LHB Sidney Dollarhide 0-0: Called Strike
0-1: Foul Ball, location: 2F
0-2: Foul Ball, location: 2F
0-2: Ball
1-2: Foul Ball, location: 2F
1-2: Ball
2-2: Ball
3-2: Foul Ball, location: 2F
3-2: Foul Ball, location: 2F
3-2: Strikes out swinging
Batting: RHB Alfonso Torres 0-0: Ball
1-0: Foul Ball, location: 2F
1-1: Ball
2-1: Swinging Strike
2-2: Foul Ball, location: 2F
2-2: Foul Ball, location: 2F
2-2: Foul Ball, location: 2F
2-2: Strikes out looking
Batting: RHB Mike Howard 0-0: Ground out 5-3 (Groundball, 56)
Bottom of the 5th over - 0 runs, 0 hits, 0 errors, 0 left on base; Ft. Polk South 5 - San Antonio 2
TOP OF THE 6TH
Ft. Polk South Thunder Hawks batting - Pitching for San Antonio BC : RHP Francisco Guillén
Batting: LHB Augusto Reyes 0-0: Ball
1-0: Foul Ball, location: 2F
1-1: Ball
2-1: SINGLE (Groundball, 5D)
Batting: LHB Shohei Otani 0-0: Ball
1-0: Swinging Strike
1-1: Ball
2-1: Ball
3-1: Base on Balls
Augusto Reyes to second
Pitching: RHP Júlio Luna
Batting: RHB Luke Thornton 0-0: Ball
1-0: Foul Ball, location: 2F
1-1: Ball
2-1: Fly out, F7 (Flyball, 7D)
Runner from 2nd tags up, SAFE at 3rd, no throw
Batting: SHB Dong-joo Yu 0-0: Ball
1-0: Swinging Strike
1-1: Ball
2-1: Fly out, F9 (Flyball, 89M)
Runner from 3rd tags up, SCORES, throw made
Batting: RHB Pedro Larate 0-0: Ball
1-0: Ball
2-0: Called Strike
2-1: Fly out, F6 (Line Drive, 6M)
Top of the 6th over - 1 run, 1 hit, 0 errors, 1 left on base; Ft. Polk South 6 - San Antonio 2
BOTTOM OF THE 6TH
San Antonio BC batting - Pitching for Ft. Polk South Thunder Hawks : RHP César Soto
Batting: RHB Silverberry Mouhon 0-0: Swinging Strike
0-1: Swinging Strike
0-2: Ball
1-2: Foul Ball, location: 2F
1-2: Ball
2-2: SINGLE (Flyball, 78S)
Pitching: RHP Sam Schultz
Batting: RHB José Salinas 0-0: Ball
Wild Pitch!
Silverberry Mouhon to second
1-0: Ball
2-0: Called Strike
2-1: Swinging Strike
2-2: Foul Ball, location: 2F
2-2: Ball
3-2: Base on Balls
Batting: LHB Abraham Koen 0-0: Foul Ball, location: 2F
0-1: Ball
1-1: Foul Ball, location: 2F
1-2: Foul Ball, location: 2F
1-2: Ball
2-2: Strikes out swinging
Batting: RHB Phil Gillespie 0-0: Swinging Strike
0-1: SINGLE (Flyball, 34D)
Silverberry Mouhon to third
José Salinas to second
Runner from 3rd tries for Home, SAFE, no throw
Batting: RHB Tong-sik Im 0-0: Foul Ball, location: 2F
0-1: Ball
1-1: Ground out 6-3 (Groundball, 6MD)
José Salinas to third
Phil Gillespie to second
Batting: RHB Ben Hampton 0-0: Ball
1-0: Foul Ball, location: 2F
1-1: Ground out 6-3 (Groundball, 6)
Bottom of the 6th over - 1 run, 2 hits, 0 errors, 2 left on base; Ft. Polk South 6 - San Antonio 3
TOP OF THE 7TH
Ft. Polk South Thunder Hawks batting - Pitching for San Antonio BC : RHP Júlio Luna
Batting: RHB Kyuso Kouno 0-0: Called Strike
0-1: Ground out 4-3 (Groundball, 4)
Batting: RHB Qu-bing Thien 0-0: Ball
1-0: Foul Ball, location: 2F
1-1: Swinging Strike
1-2: Ball
2-2: Strikes out swinging
Batting: RHB Ruggiero Veneziano 0-0: Foul Ball, location: 2F
0-1: Fly out, F6 (Line Drive, 6M)
Top of the 7th over - 0 runs, 0 hits, 0 errors, 0 left on base; Ft. Polk South 6 - San Antonio 3
BOTTOM OF THE 7TH
San Antonio BC batting - Pitching for Ft. Polk South Thunder Hawks : RHP Sam Schultz
Batting: LHB Sidney Dollarhide 0-0: Ball
1-0: Swinging Strike
1-1: SINGLE (Groundball, 4MD)
Batting: RHB Alfonso Torres 0-0: Foul Ball, location: 2F
0-1: Ball
1-1: Foul Ball, location: 2F
1-2: Fly out, F8 (Flyball, 8LS)
Batting: RHB Mike Howard 0-0: Ball
1-0: Ball
2-0: Ball
3-0: Called Strike
3-1: Called Strike
3-2: Ground out 5-3 (Groundball, 56)
Sidney Dollarhide to second
Batting: RHB Silverberry Mouhon 0-0: Called Strike
0-1: Ball
1-1: Ball
2-1: Ball
3-1: Base on Balls
Batting: RHB José Salinas 0-0: Foul Ball, location: 2F
0-1: Swinging Strike
0-2: Ball
1-2: Ground out 6-3 (Groundball, 6MS)
Bottom of the 7th over - 0 runs, 1 hit, 0 errors, 2 left on base; Ft. Polk South 6 - San Antonio 3
TOP OF THE 8TH
Ft. Polk South Thunder Hawks batting - Pitching for San Antonio BC : RHP Júlio Luna
Batting: RHB Thomas Feliciano 0-0: Ball
1-0: Foul Ball, location: 2F
1-1: Ball
2-1: SINGLE (Groundball, 4MD)
Batting: LHB Augusto Reyes 0-0: Ball
1-0: Called Strike
1-1: Foul Ball, location: 2F
1-2: SINGLE (Line Drive, 6M)
Thomas Feliciano to second
Batting: LHB Shohei Otani 0-0: Ball
1-0: Called Strike
1-1: Ball
2-1: Ball
3-1: Base on Balls
Thomas Feliciano to third
Augusto Reyes to second
Batting: RHB Luke Thornton 0-0: Swinging Strike
0-1: Ball
1-1: Ball
2-1: Swinging Strike
2-2: Strikes out swinging
Pinch Hitting: LHB Yu Miao 0-0: Foul Ball, location: 2F
0-1: Ball
1-1: Fly out, F9 (Flyball, 89M)
Runner from 3rd tags up, SCORES, throw made
Batting: RHB Pedro Larate 0-0: Ball
1-0: Fielders Choice at 2nd, 5-4 (Groundball, 56)
Top of the 8th over - 1 run, 2 hits, 0 errors, 2 left on base; Ft. Polk South 7 - San Antonio 3
BOTTOM OF THE 8TH
San Antonio BC batting - Pitching for Ft. Polk South Thunder Hawks : RHP Sam Schultz
Now at 2B: Theo Wrighton
Batting: LHB Abraham Koen 0-0: Ball
1-0: Called Strike
1-1: Foul Ball, location: 2F
1-2: SINGLE (Groundball, 34S) (infield hit)
Batting: RHB Phil Gillespie 0-0: Foul Ball, location: 2F
0-1: Ball
1-1: Grounds into double play, 4-6-3 (Groundball, 4)
Batting: RHB Tong-sik Im 0-0: Ground out 6-3 (Groundball, 6S)
Bottom of the 8th over - 0 runs, 1 hit, 0 errors, 0 left on base; Ft. Polk South 7 - San Antonio 3
TOP OF THE 9TH
Ft. Polk South Thunder Hawks batting - Pitching for San Antonio BC : RHP Júlio Luna
Batting: RHB Kyuso Kouno 0-0: Ball
1-0: Foul Ball, location: 2F
1-1: Ball
2-1: Fly out, F9 (Flyball, 9)
Batting: RHB Qu-bing Thien 0-0: Ball
1-0: Ball
2-0: Called Strike
2-1: Ball
3-1: Foul Ball, location: 2F
3-2: Base on Balls
Batting: RHB Ruggiero Veneziano 0-0: Called Strike
0-1: Ball
1-1: Ball
2-1: Foul Ball, location: 2F
2-2: Ball
3-2: Fly out, F8 (Flyball, 8RD)
Batting: RHB Thomas Feliciano 0-0: Called Strike
0-1: Foul Ball, location: 2F
0-2: Ball
1-2: Foul Ball, location: 2F
1-2: Ball
2-2: Ground out 6-3 (Groundball, 6S)
Top of the 9th over - 0 runs, 0 hits, 0 errors, 1 left on base; Ft. Polk South 7 - San Antonio 3
BOTTOM OF THE 9TH
San Antonio BC batting - Pitching for Ft. Polk South Thunder Hawks : RHP Sam Schultz
Batting: RHB Ben Hampton 0-0: Ball
1-0: SINGLE (Line Drive, 56D)
Batting: LHB Sidney Dollarhide 0-0: Swinging Strike
0-1: Swinging Strike
0-2: Ball
1-2: Ball
2-2: Ball
3-2: SINGLE (Groundball, 34S) (infield hit)
Ben Hampton to second
Pitching: RHP Gunnar Hoglund
Batting: RHB Alfonso Torres 0-0: Called Strike
0-1: Ball
1-1: Foul Ball, location: 2F
1-2: Strikes out looking
Batting: RHB Mike Howard 0-0: Called Strike
0-1: Ball
1-1: Ball
2-1: Ground out 6-3 (Groundball, 6S)
Ben Hampton to third
Sidney Dollarhide to second
Batting: RHB Silverberry Mouhon 0-0: Called Strike
0-1: Ball
1-1: Foul Ball, location: 2F
1-2: Ball
2-2: Ball
3-2: Fly out, F7 (Flyball, 7)
Bottom of the 9th over - 0 runs, 2 hits, 0 errors, 2 left on base; Ft. Polk South 7 - San Antonio 3
Friday, March 29th, 2019 - OOTP Baseball 18.8 Build 76